Unix NetHack Version 5.0.0-0 post-release - last build Jun 10 2026 00:39:30 (3ee93aec679c4c4259841fe613dc97188e26a321,branch:main).

Game began 2026-06-14 02:57:22, ended 2026-06-14 03:35:14.

Aranth, chaotic female elven Wizard

                                             ---
                                            --.--
                                            |@.<|
                                        -----)).|
                                        .).|)...--
                                        ......).G....
                                        .----....^..-
                                               --......-
                                                 -----

Aranth the Thaumaturge    St:9 Dx:17 Co:13 In:20 Wi:10 Ch:12  Chaotic
Dlvl:7  $:312 HP:0(49) Pw:23(90) AC:6  Xp:7 T:4341  Burdened

Latest messages:
 You hit the gnome.
 The gnome wields a dagger!
 You hit the gnome.
 You miss the gnome.
 The gnome thrusts his dagger.
 The gnome hits!
 The gnome shoots 2 crossbow bolts!
 The 1st crossbow bolt misses you.
 You are almost hit by the 2nd crossbow bolt.
 You kill the gnome!
 You have a little trouble lifting P - an expensive camera.
 The gnome shoots 2 crossbow bolts!
 You are hit by the 1st crossbow bolt!
 You are hit by the 2nd crossbow bolt!
 You climb up the stairs.
 You sense the presence of monsters.
 (For instructions type a '?')
 Done.
 The giant ant bites!
 The giant ant bites!
 Are you waiting to get hit?  Use 'm' prefix to force a no-op (to rest).
 Are you waiting to get hit?  Use 'm' prefix to force a no-op (to rest).
 Are you waiting to get hit?  Use 'm' prefix to force a no-op (to rest).
 Are you waiting to get hit?  Use 'm' prefix to force a no-op (to rest).
 Are you waiting to get hit?  Use 'm' prefix to force a no-op (to rest).
 Are you waiting to get hit?  Use 'm' prefix to force a no-op (to rest).
 Are you waiting to get hit?  Use 'm' prefix to force a no-op (to rest).
 Are you waiting to get hit?  Use 'm' prefix to force a no-op (to rest).
 Are you waiting to get hit?  Use 'm' prefix to force a no-op (to rest).
 Are you waiting to get hit?  Use 'm' prefix to force a no-op (to rest).
 Are you waiting to get hit?  Use 'm' prefix to force a no-op (to rest).
 Are you waiting to get hit?  Use 'm' prefix to force a no-op (to rest).
 Are you waiting to get hit?  Use 'm' prefix to force a no-op (to rest).
 In what direction? 4
 The spell hits the giant ant!
 The spell misses the giant ant.
 The giant ant bites!
 The giant ant bites!
 In what direction? 4
 The spell misses the giant ant.
 The giant ant bites!
 The giant ant bites!
 The giant ant bites!
 You fall down the stairs.
 The gnome shoots 2 crossbow bolts!
 You are hit by the 1st crossbow bolt!
 Wizard, your life force is running out.
 You are hit by the 2nd crossbow bolt.
 You die...
 Do you want your possessions identified? [ynq] (y) q

Inventory:
 Coins    ('$')
  $ - 312 gold pieces
 Weapons  (')')
  Q - a +0 arrow
  B - 6 +0 darts
  r - 9 cursed -1 darts
  A - a +0 spear
  a - a blessed +1 quarterstaff
  K - a +0 scimitar (weapon in right hand)
 Armor    ('[')
  u - an uncursed +0 orcish helm
  G - an uncursed +0 orcish helm (being worn)
  I - an uncursed +0 pair of iron shoes (being worn)
  R - an uncursed +0 shield of reflection
  H - an uncursed +0 cloak of displacement
  b - an uncursed +0 cloak of magic resistance (being worn)
 Comestibles  ('%')
  o - 2 uncursed food rations
  h - an uncursed lizard corpse
 Scrolls  ('?')
  j - an uncursed scroll of charging
  w - a cursed scroll of confuse monster
  X - an uncursed scroll of enchant armor
  S - an uncursed scroll of enchant weapon
  y - an uncursed scroll of fire
  i - an uncursed scroll of food detection
  W - an uncursed scroll of identify
  T - a cursed scroll of identify
  J - an uncursed scroll of teleportation
 Spellbooks  ('+')
  l - an uncursed spellbook of detect monsters
  k - a blessed spellbook of force bolt
 Potions  ('!')
  L - a cursed potion of blindness
  s - an uncursed potion of gain ability
  V - an uncursed potion of gain level
  p - 2 uncursed potions of healing
  O - an uncursed potion of healing
  C - an uncursed potion of object detection
  M - an uncursed potion of oil
  g - an uncursed potion of see invisible
  Y - an uncursed potion of sickness
 Rings    ('=')
  d - an uncursed +1 ring of adornment (on left hand)
  e - an uncursed ring of poison resistance (on right hand)
 Wands    ('/')
  E - a wand of locking (0:4)
  N - a wand of magic missile (0:5)
  c - a wand of probing (0:8)
  v - a wand of probing (0:7)
 Tools    ('(')
  U - an empty uncursed bag of holding
  n - an uncursed leather drum
  t - a blessed brass lantern
  P - a cursed expensive camera (0:77)
  m - a magic marker (0:21)
  z - 3 uncursed tallow candles
  x - a blessed wax candle
 Gems/Stones  ('*')
  q - an uncursed worthless piece of green glass
  Z - 2 uncursed worthless pieces of orange glass
  F - an uncursed worthless piece of red glass
  D - 2 cursed worthless pieces of red glass
  f - 2 uncursed worthless pieces of yellowish brown glass

Aranth the Wizard's attributes:

Background:
 You were a Thaumaturge, a level 7 female elven Wizard.
 You were chaotic, on a mission for Anhur
 who was opposed by Ptah (lawful) and Thoth (neutral).
 You were right-handed.
 You were in the Gnomish Mines, on level 7.
 You entered the dungeon 4341 turns ago.
 It was nighttime.
 There was a new moon in effect when your adventure ended.
 You had 1020 experience points, 260 more were needed to attain level 8.

Basics:
 You had 0 out of 49 hit points.
 You had 23 out of 90 energy points (spell power).
 Your armor class was 6.
 Your wallet contained 312 zorkmids.
 Autopickup was off.

Final Characteristics:
 Your strength was 9 (limit:18).
 Your dexterity was 17 (limit:18).
 Your constitution was 13 (limit:16).
 Your intelligence was 20 (limit:20).
 Your wisdom was 10 (limit:20).
 Your charisma was 12 (base:11, limit:18).

Final Status:
 You weren't hungry.
 You were burdened; movement was slightly slowed.
 You were wielding a saber.
 You had no skill with saber.

Final Attributes:
 You were piously aligned.
 You were magic-protected.
 You were sleep resistant.
 You were poison resistant.
 You were telepathic.
 You had infravision.
 You were more charismatic.
 You were warded.
 You are dead.

Miscellaneous:
 You encountered 1 bones level.
 Total elapsed playing time was 37 minutes and 51 seconds.

Major events:
 Turn
    1: Aranth the chaotic female elven Wizard entered the dungeon
  890: attained the rank of Conjurer (level 3)
 1573: attained the rank of Thaumaturge (level 6)
 2733: entered the Gnomish Mines
 4341: killed by a crossbow bolt

Spells:
 Name                 Level Category     Fail Retention
 force bolt             1   attack         3%   76%-80%
 detect monsters        1   divination     3%  76%-100%

Skills:
 Fighting Skills
   bare handed combat [Unskilled]
   riding             [Unskilled]
 Weapon Skills
   dagger             [Unskilled]
   knife              [Unskilled]
   axe                [Unskilled]
   short sword        [Unskilled]
   club               [Unskilled]
   mace               [Unskilled]
   quarterstaff       [Basic]
   polearms           [Unskilled]
   spear              [Unskilled]
   trident            [Unskilled]
   sling              [Unskilled]
   dart               [Unskilled]
   shuriken           [Unskilled]
 Spellcasting Skills
   attack spells      [Skilled]
   healing spells     [Unskilled]
   divination spells  [Unskilled]
   enchantment spells [Basic]
   clerical spells    [Unskilled]
   escape spells      [Unskilled]
   matter spells      [Unskilled]

Voluntary challenges:
 Character rerolling was not enabled.
 You never genocided any monsters.
 You never polymorphed an object.
 You never changed form.
 You used no wishes.
Achievements:
 You attained the rank of Conjurer.
 You entered a shop.
 You attained the rank of Thaumaturge.
 You entered the Gnomish Mines.

 The Dungeons of Doom: levels 1 to 6
    Level 1:
    Level 2:
       Some fountains.
    Level 3:
       A sink.
    Level 4:
       An armor shop, a fountain.
       Stairs down to The Gnomish Mines.
    Level 5:
       A potion shop, a fountain.
    Level 6:
 The Gnomish Mines: levels 5 to 7
    Level 5:
    Level 6:
    Level 7: <- You were here.
       Final resting place for
          you, killed by a crossbow bolt,
          DiePARTEI-Tou-Hum-Fem-Neu, killed by a gnome.


Vanquished creatures:
  a giant mimic
  a large mimic
  4 small mimics
  a spotted jelly
  a leprechaun
 an iron piercer
  a gnome ruler
  a lizard
  a Mordor orc
  a rock mole
  2 yellow lights
  3 gnome leaders
  a gnomish wizard
  a gray ooze
  a straw golem
  4 giant ants
  3 floating eyes
  5 dwarves
  a homunculus
  4 hill orcs
  a centipede
 an iguana
  a gas spore
  2 hobbits
  6 manes
  a hobgoblin
  a giant rat
  a yellow mold
  2 green molds
  a red mold
 19 gnomes
  a gecko
  9 jackals
  2 kobolds
  3 goblins
  6 sewer rats
  4 grid bugs
  4 lichens
  5 newts
108 creatures vanquished.

No species were genocided or became extinct.

Game over:
                       ----------
                      /          \
                     /    REST    \
                    /      IN      \
                   /     PEACE      \
                  /                  \
                  |      Aranth      |
                  |      312 Au      |
                  |   killed by a    |
                  |  crossbow bolt   |
                  |                  |
                  |                  |
                  |       2026       |
                 *|     *  *  *      | *
        _________)/\\_//(\/(/\)/\//\/|_)_______

Goodbye Aranth the Wizard...

You died in The Gnomish Mines on dungeon level 7 with 4661 points,
and 312 pieces of gold, after 4341 moves.
You were level 7 with a maximum of 49 hit points when you died.

